Workbook
Name AbaDeprec: '5. Depreciação'!$A$1
Name AbaRemun: '6.Remuneração de capital'!$A$1

Sheet 1. Transporte
A1: 1. Transporte de Resíduos Sólidos BAGÉ - CANDIOTA
A2: Planilha de Composição de Custos
A4: Orçamento Sintético
A5: Descrição do Item | E5: Custo (R$/mês) | F5: %
A6: =A38 -> 1. Mão-de-obra | E6: =+F75 -> 0 | F6: =IFERROR(E6/$E$22,0) -> 0
A7: =A40 -> 1.1. Motorista Turno do Dia | E7: =F53 -> 0 | F7: =IFERROR(E7/$E$22,0) -> 0
A8: =A56 -> 1.2. Vale Transporte | E8: =F61 -> 0 | F8: =IFERROR(E8/$E$22,0) -> 0
A9: =A64 -> 1.3. Vale-refeição (diário) | E9: =F69 -> 0 | F9: =IFERROR(E9/$E$22,0) -> 0
A10: =A71 -> 1.4. Auxílio Alimentação (mensal) | E10: =F74 -> 0 | F10: =IFERROR(E10/$E$22,0) -> 0
A11: =A78 -> 2. Uniformes e Equipamentos de Proteção Individual | E11: =+F93 -> 0 | F11: =IFERROR(E11/$E$22,0) -> 0
A12: =A95 -> 3. Veículos e Equipamentos | E12: =+F197 -> 0 | F12: =IFERROR(E12/$E$22,0) -> 0
A13: =A97 -> 3.1. Caminhão de Transporte de Resíduos | E13: =SUM(E14:E19) -> 0 | F13: =IFERROR(E13/$E$22,0) -> 0
A14: =A99 -> 3.1.1. Depreciação | E14: =F113 -> 0 | F14: =IFERROR(E14/$E$22,0) -> 0
A15: =A115 -> 3.1.2. Remuneração do Capital | E15: =F129 -> 0 | F15: =IFERROR(E15/$E$22,0) -> 0
A16: =A131 -> 3.1.3. Impostos e Seguros | E16: =F138 -> 0 | F16: =IFERROR(E16/$E$22,0) -> 0
A17: =A158 -> 3.1.4. Consumos | E17: =F178 -> 0 | F17: =IFERROR(E17/$E$22,0) -> 0
A18: =A183 -> 3.1.5. Manutenção* | E18: =F186 -> 0 | F18: =IFERROR(E18/$E$22,0) -> 0
A19: =A188 -> 3.1.6. Pneus | E19: =F195 -> 0 | F19: =IFERROR(E19/$E$22,0) -> 0
A20: =A199 -> 4. Monitoramento da Frota | E20: =+F207 -> #VALUE! | F20: =IFERROR(E20/$E$22,0) -> 0
A21: =A211 -> 5. Benefícios e Despesas Indiretas - BDI | E21: =+F216 -> #VALUE! | F21: =IFERROR(E21/$E$22,0) -> 0
A22: PREÇO TOTAL MENSAL DO TRANSPORTE | E22: =E6+E11+E12+E20+E21 -> #VALUE! | F22: =F6+F11+F12+F20+F21 -> 0
A25: Quantitativos
A26: Mão-de-obra | E26: Quantidade
A27: =+A40 -> 1.1. Motorista Turno do Dia | E27: =C52 -> 2
A28: Total de mão-de-obra (postos de trabalho) | E28: =SUM(E27:E27) -> 2
A30: Veículos e Equipamentos | E30: Quantidade
A31: 3.1. Custo de aquisição dos chassis | E31: 2
A32: 3.2. Custo de aquição das caçamba | E32: 2
A35: Fator de utilização (FU) | B35: 1
A38: 1. Mão-de-obra
A40: 1.1. Motorista Turno do Dia
A41: Discriminação | B41: Unidade | C41: Quantidade | D41: Custo unitário | E41: Subtotal | F41: Total (R$)
A42: Piso da categoria (1) | B42: mês | C42: 1 | E42: =D42 -> 0
A43: Salário mínimo nacional (2) | B43: mês | C43: 1
A44: Horas Extras (100%) | B44: hora | D44: =(D42+E48)/220*2 -> 0 | E44: =C44*D44 -> 0
A45: Horas Extras (50%) | B45: hora | C45: 16 | D45: =(D42+E48)/220*1.5 -> 0 | E45: =C45*D45 -> 0
A46: Descanso Semanal Remunerado (DSR) - hora extra | B46: R$ | D46: =63/302*E45 -> 0 | E46: =D46 -> 0
A47: Base de cálculo da Insalubridade | C47: 2
A48: Adicional de Insalubridade | B48: % | C48: 40 | D48: =D43 -> 0 | E48: =C48*D48/100 -> 0
A49: Soma | E49: =SUM(E42:E48) -> 0
A50: Encargos Sociais | B50: % | C50: ='2.Encargos Sociais'!$C$36*100 -> 69.79 | D50: =E49 -> 0 | E50: =D50*C50/100 -> 0
A51: Total por Motorista | E51: =E49+E50 -> 0
A52: Total do Efetivo | B52: homem | C52: 2 | D52: =E51 -> 0 | E52: =C52*D52 -> 0
D53: Fator de utilização | E53: =$B$35 -> 1 | F53: =E52*E53 -> 0
A56: 1.2. Vale Transporte
A57: Discriminação | B57: Unidade | C57: Quantidade | D57: Custo unitário | E57: Subtotal | F57: Total (R$)
A58: Vale Transporte | B58: R$ | C58: 1
A59: Dias Trabalhados por mês | B59: dia | C59: 26
A60: Motorista | B60: vale | C60: =$C$59*2*(C52) -> 104 | D60: =IFERROR((($C$59*2*$D$58)-(E42*0.06))/($C$59*2),"-") -> 0 | E60: =IFERROR(C60*D60,"-") -> 0
F61: =SUM(E60:E60) -> 0
A64: 1.3. Vale-refeição (diário)
A65: Discriminação | B65: Unidade | C65: Quantidade | D65: Custo unitário | E65: Subtotal | F65: Total (R$)
A66: Vale refeição | B66: R$ | C66: 1
A67: Dias Trabalhados por mês | B67: dia | C67: 26
A68: Motorista | B68: vale | C68: =C67*E27 -> 52 | E68: =C68*D66 -> 0
F69: =SUM(E68:E68) -> 0
A71: 1.4. Auxílio Alimentação (mensal)
A72: Discriminação | B72: Unidade | C72: Quantidade | D72: Custo unitário | E72: Subtotal | F72: Total (R$)
A73: =+A66 -> Vale refeição | B73: unidade | E73: =C73*D73 -> 0
D74: Fator de utilização | E74: =$B$35 -> 1 | F74: =SUM(E73:E73)*E74 -> 0
A75: Custo Mensal com Mão-de-obra (R$/mês) | F75: =F74+F69+F61+F53 -> 0
A78: 2. Uniformes e Equipamentos de Proteção Individual
A80: 2.1. Uniformes e EPIs para Motorista
A82: Discriminação | B82: Unidade | C82: Durabilidade (meses) | D82: Custo unitário | E82: Subtotal | F82: Total (R$)
A83: Jaqueta com reflexivo (NBR 15.292) | B83: unidade | C83: 6 | E83: =IFERROR(D83/C83,0) -> 0
A84: Calça | B84: unidade | C84: 4 | E84: =IFERROR(D84/C84,0) -> 0
A85: Camiseta | B85: unidade | C85: 4 | E85: =IFERROR(D85/C85,0) -> 0
A86: Botina de segurança c/ palmilha aço | B86: par | C86: 4 | E86: =IFERROR(D86/C86,0) -> 0
A87: Capa de chuva amarela com reflexivo | B87: unidade | C87: 6 | E87: =IFERROR(D87/C87,0) -> 0
A88: Protetor solar FPS 30 | B88: frasco 120g | C88: 1 | E88: =IFERROR(D88/C88,0) -> 0
A89: Higienização de uniformes e EPIs | B89: R$ mensal | C89: 1 | E89: =C89*D89*4 -> 0
A90: Total do Efetivo | B90: homem | C90: =E27 -> 2 | D90: =+SUM(E83:E89) -> 0 | E90: =C90*D90 -> 0
D91: Fator de utilização | E91: =$B$35 -> 1 | F91: =E90*E91 -> 0
A93: Custo Mensal com Uniformes e EPIs (R$/mês) | F93: =+F91 -> 0
A95: 3. Veículos e Equipamentos
A97: 3.1. Caminhão de Transporte de Resíduos
A99: 3.1.1. Depreciação
A100: Discriminação | B100: Unidade | C100: Quantidade | D100: Custo unitário | E100: Subtotal | F100: Total (R$)
A101: Custo de aquisição do chassis | B101: unidade | C101: 1 | E101: =C101*D101 -> 0 | F101: SICRO/DNIT A9311
A102: Vida útil do chassis | B102: anos | C102: 5
A103: Idade do caminhão | B103: anos | C103: 0
A104: Depreciação do chassis | B104: % | C104: =IFERROR(VLOOKUP(C102,'5. Depreciação'!A3:B17,2,0),0) -> 55.68 | D104: =E101 -> 0 | E104: =C104*D104/100 -> 0
A105: Depreciação mensal do caminhão | B105: mês | C105: =C102*12 -> 60 | D105: =IF(C103<=C102,E104,0) -> 0 | E105: =IFERROR(D105/C105,0) -> 0
A106: Custo de aquisição da caçamba basculante 50m³ | B106: unidade | C106: =C101 -> 1 | E106: =C106*D106 -> 0 | F106: SICRO/DNIT A9315
A107: Vida útil da caçamba basculante 50m³ | B107: anos | C107: 5
A108: Idade da caçamba basculante 50m³ | B108: anos | C108: 0
A109: Depreciação da caçamba basculante 50m³ | B109: % | C109: =IFERROR(VLOOKUP(C107,'5. Depreciação'!A3:B17,2,0),0) -> 55.68 | D109: =E106 -> 0 | E109: =C109*D109/100 -> 0
A110: Depreciação mensal caçamba basculante | B110: mês | C110: =C107*12 -> 60 | D110: =IF(C108<=C107,E109,0) -> 0 | E110: =IFERROR(D110/C110,0) -> 0
A111: Total por Veículo | E111: =E105+E110 -> 0
A112: Total da frota | B112: unidade | C112: 2 | D112: =E111 -> 0 | E112: =C112*D112 -> 0
D113: Fator de utilização | E113: =$B$35 -> 1 | F113: =E112*E113 -> 0
A115: 3.1.2. Remuneração do Capital
A116: Discriminação | B116: Unidade | C116: Quantidade | D116: Custo unitário | E116: Subtotal | F116: Total (R$)
A117: Custo do chassis | B117: unidade | C117: 1 | D117: =D101 -> 0 | E117: =C117*D117 -> 0 | F117: =(F101) -> SICRO/DNIT A9311
A118: Taxa de juros anual nominal | B118: % | C118: ='4.BDI'!E13*100 -> 10.4
A119: Valor do caminhão proposto (V0) | B119: R$ | C119: =IFERROR(IF(C103<=C102,E101-(C104/(100*C102)*C103)*E101,E101-E104),0) -> 0
A120: Investimento médio total do chassis | B120: R$ | C120: =IFERROR(IF(C103>=C102,C119,((((C119)-(E101-E104))*(((C102-C103)+1)/(2*(C102-C103))))+(E101-E104))),0) -> 0
A121: Remuneração mensal de capital do chassis | B121: R$ | D121: =C118*C120/12/100 -> 0 | E121: =D121 -> 0
A122: Custo da caçamba basculante 50m³ | B122: unidade | C122: =C106 -> 1 | E122: =C122*D122 -> 0 | F122: =(F106) -> SICRO/DNIT A9315
A123: Taxa de juros anual nominal | B123: % | C123: =C118 -> 10.4
...

Sheet 2.Encargos Sociais
A1: Orientações para preenchimento:
A2: 1. Preencha previamente os dados de entrada na planilha 3.CAGED
A4: 2. Composição dos Encargos Sociais
A5: Código | B5: Descrição | C5: Valor
A6: A1 | B6: INSS | C6: 0.2
A7: A2 | B7: SESI | C7: 0.015
A8: A3 | B8: SENAI | C8: 0.01
A9: A4 | B9: INCRA | C9: 0.002
A10: A5 | B10: SEBRAE | C10: 0.006
A11: A6 | B11: Salário educação | C11: 0.025
A12: A7 | B12: Seguro contra acidentes de trabalho | C12: 0.03
A13: A8 | B13: FGTS | C13: 0.08
A14: A9 | B14: SECONCI | C14: 0
A15: A | B15: SOMA GRUPO A | C15: =SUM(C6:C14) -> 0.368
A17: B3 | B17: Auxílio - Enfermidade | C17: 0.0064
A18: B4 | B18: 13º salário | C18: 0.0833
A19: B5 | B19: Licença Paternidade | C19: 0.0004
A20: B6 | B20: Faltas justificadas | C20: 0.0056
A21: B8 | B21: Auxílio acidente de trabalho | C21: 0.0008
A22: B9 | B22: Férias Gozadas | C22: 0.0874
A23: B10 | B23: Salário Maternidade | C23: 0.0003
A24: B | B24: SOMA GRUPO B | C24: =SUM(C17:C23) -> 0.1842
A26: C1 | B26: Aviso prévio indenizado | C26: 0.0347
A27: C2 | B27: Aviso prévio trabalhado | C27: 0.0008
A28: C3 | B28: Férias indenizadas | C28: 0.0171
A29: C4 | B29: Depósito rescisão sem justa causa | C29: 0.0193
A30: C5 | B30: Indenização adicional | C30: 0.0029
A31: C | B31: SOMA GRUPO C | C31: =SUM(C26:C30) -> 0.0748
A33: D1 | B33: Reincidência de Grupo A sobre Grupo B | C33: =ROUND(C15*C24,4) -> 0.0678
A34: D2 | B34: Reincidência de Grupo A sobre aviso prévio trabalhado e Reincidência do FGTS sobre Aviso Prévio Indenizado | C34: =ROUND((C27*C15+C13*C26),4) -> 0.0031
A35: D | B35: SOMA GRUPO D | C35: =SUM(C33:C34) -> 0.0709
B36: SOMA (A+B+C+D) | C36: =C35+C31+C24+C15 -> 0.6979

Sheet 3.CAGED
A1: CÁLCULO DAS VERBAS INDENIZATÓRIAS DOS EMPREGADOS NO SETOR DE COLETA DE RSU
A3: Para preencher esta planilha siga os passos 1 a 5:
A4: 1. Acesse o Portal do CAGED no link http://bi.mte.gov.br/cagedestabelecimento/pages/consulta.xhtml
A5: 2. Na Especificação da Consulta, selecione "Demonstrativo por período" e informe as competências relativas ao período Inicial e Final (últimos 12 meses)
A6: 3. Nível Geográfico: selecione "Unidade da Federação" e marque a opção "Rio Grande do Sul"
A7: 4. Nível Setorial: selecione "Classe de atividade econômica segundo a classificação CNAE – versão 2.0 (669 categorias)" e marque a opção "38114 – Coleta de Resíduos Não-Perigosos"
A8: 5. Clique em Gerar Relatório
A9: 6. Preencha as células em amarelo
B11: 3. CAGED
B12: Rio Grande do Sul - Coleta de Resíduos Não-Perigosos - CNAE 38114
B13: Admissões | C13: 3981
B14: Desligamentos | C14: 3405
B15: Dispensados com justa causa | C15: 90
B16: Dispensados sem justa causa | C16: 2337
B17: Espontâneos | C17: 473
B18: Fim de contrato por prazo determinado | C18: 98
B19: Término de contrato | C19: 470
B20: Aposentados | C20: 2
B21: Mortos | C21: 35
B22: Transferência de saída | C22: 0
B23: Indicadores
B24: Estoque recuperado início do Período 01-01-2019 | C24: 0
B25: Estoque recuperado final do Período 31-12-2019 | C25: 6908
C26: -817
B28: Rotatividade | C28: =MEDIAN(C13,C14)/MEDIAN(C24,C25) -> 1.0691951 | G28: =12/C28 -> 11.223396
B29: Demitidos s/ Justa Causa em relação ao Estoque Médio | C29: =C16/MEDIAN(C24,C25) -> 0.67660683
B30: Dias ano | C30: 360
B31: 1/3 de férias (dias) | C31: 10
B32: Férias (dias) | C32: 30 | G32: =TRUNC(G37) -> 11
B33: 13º Salário (dias) | C33: 30
B34: Estoque Médio | C34: =MEDIAN(C24,C25) -> 3454
B35: FGTS | C35: 0.08 | K35: =IF(C39>12,C39-12,C39) -> 11.223396
B36: Multa FGTS | C36: 0.5 | K36: =IF(#REF!>12,#REF!-12,#REF!) -> #REF!
B37: Fração de tempo para gozo férias | C37: =((1/C28)-TRUNC(E37)) -> 0.93528297 | D37: =TRUNC(E37) -> 0 | E37: =1/C28 -> 0.93528297 | F37: =((1/C28)-TRUNC(E37)) -> 0.93528297 | G37: =12*F37 -> 11.223396 | K37: =IF(#REF!>12,#REF!-12,#REF!) -> #REF!
B38: Dias de Aviso prévio | C38: =30+D38 -> 30 | D38: =3*D37 -> 0 | G38: =G37/12*40/360 -> 0.10392033 | K38: =IF(#REF!>12,#REF!-12,#REF!) -> #REF!
B39: Rotatividade temporal (meses) | C39: =12/C28 -> 11.223396 | K39: =IF(#REF!>12,#REF!-12,#REF!) -> #REF!
K40: =IF(K39>12,K39-12,K39) -> #REF!
K41: =IF(K40>12,K40-12,K40) -> #REF!

Sheet 4.BDI
A1: Orientações para preenchimento:
A2: 1. Esta planilha é somente um modelo-base e deve ser ajustada conforme cada caso concreto.
A3: 2. Preencher somente células em amarelo
A6: 4. Composição do BDI - Benefícios e Despesas Indiretas
D8: Referência estudo TCE
D9: 1° Quartil | E9: Médio | F9: 3° Quartil
A10: Administração Central | B10: AC | C10: =D10 -> 0.0297 | D10: 0.0297 | E10: 0.0508 | F10: 0.0627
A11: Seguros/Riscos/Garantias | B11: SRG | C11: =D11 -> 0.0086 | D11: =0.003+0.0056 -> 0.0086 | E11: =0.0048+0.0085 -> 0.0133 | F11: =0.0082+0.0089 -> 0.0171
A12: Lucro | B12: L | C12: =D12 -> 0.0778 | D12: 0.0778 | E12: 0.1085 | F12: 0.1355
A13: Despesas Financeiras | B13: DF | C13: =(1+E13)^(E14/252)-1 -> 0.011848206 | D13: i | E13: 0.104
A14: Tributos - ISS | B14: T | C14: 0.05003 | D14: DU | E14: 30
A15: Tributos - PIS/COFINS | C15: 0.0365
A16: Fórmula para o cálculo do BDI:
A17: {[(1+AC+SRG) x (1+L) x (1+DF)] / (1-T)} -1
A18: Resultado do cálculo do BDI: | C18: =ROUND((((1+C10+C11)*(1+C12)*(1+C13))/(1-(C14+C15))-1),4) -> 0.2396 | D18: 0.2143 | E18: 0.2717 | F18: 0.3362

Sheet 5. Depreciação
A1: 5. Depreciação Referencial TCE/RS (%)
A2: Idade do veículo (ano) | B2: Depreciação Média
A3: 1 | B3: 33.63
A4: 2 | B4: 43.13
A5: 3 | B5: 48.68
A6: 4 | B6: 52.62
A7: 5 | B7: 55.68
A8: 6 | B8: 58.18
A9: 7 | B9: 60.29
A10: 8 | B10: 62.12
A11: 9 | B11: 63.73
A12: 10 | B12: 65.18
A13: 11 | B13: 66.48
A14: 12 | B14: 67.67
... A17: 15 | B17: 70.73

Sheet 6.Remuneração de capital
A1: 6. Remuneração de Capital
A3: Fórmula de cálculo da remuneração de capital:
A12: Jm = remuneração de capital mensal
A13: i = taxa de juros do mercado (sugere-se adotar a taxa SELIC)
A14: Im = investimento médio
A15: V0 = valor inicial do bem
A16: Vr = valor residual do bem
A17: n = vida útil do bem em anos
